 Dungeon Crawl Stone Soup version 0.30-a0-374-g95c0257040 (webtiles) character file.

Game seed: 13043867563762315795

5 McGhostyFace the Ducker (level 1, -2/13 HPs)
             Began as a Gnoll Wanderer on Nov 25, 2022.
             Slain by a quokka (4 damage)
             ... on level 1 of the Dungeon.
             The game lasted 00:00:51 (213 turns).

McGhostyFace the Ducker (Gnoll Wanderer)             Turns: 213, Time: 00:00:51

Health: -2/13      AC:  3    Str: 11    XL:     1   Next: 80%
Magic:  6/6        EV: 13    Int: 13    God:
Gold:   6          SH:  0    Dex:  9    Spells: 8/9 levels left

rFire   . . .      SeeInvis .    e - +0 spear
rCold   . . .      Faith    .    (no shield)
rNeg    . . .      Spirit   .    c - +0 robe
rPois   .          Reflect  .    d - +0 helmet
rElec   .          Harm     .    (no cloak)
rCorr   .          Rampage  .    (no gloves)
Will    .....                    (no boots)
Stlth   +.........               (no amulet)
HPRegen 0.22/turn                (no ring)
MPRegen 0.10/turn                (no ring)

@: no status effects
A: fangs 1, strong nose, distributed training
a: no special abilities


You were on level 1 of the Dungeon.
You visited 1 branch of the dungeon, and saw 1 of its levels.

You collected 6 gold pieces.

Inventory:

Hand Weapons
 e - a +0 spear (weapon)
Armour
 c - a +0 robe (worn)
 d - a +0 helmet (worn)
Potions
 b - a potion of haste


   Skills:
 + Level 0.1 Fighting
 + Level 0.1 Short Blades
 + Level 0.1 Long Blades
 + Level 0.1 Axes
 + Level 0.1 Maces & Flails
 + Level 0.1 Polearms
 + Level 0.1 Staves
 + Level 0.1 Ranged Weapons
 + Level 0.1 Throwing
 + Level 0.1 Armour
 + Level 6.4 Dodging
 + Level 0.1 Stealth
 + Level 0.1 Shields
 + Level 0.1 Unarmed Combat
 + Level 4.9 Spellcasting
 + Level 0.1 Conjurations
 + Level 0.1 Hexes
 + Level 5.3 Summonings
 + Level 0.1 Necromancy
 + Level 0.1 Translocations
 + Level 0.1 Transmutations
 + Level 0.1 Fire Magic
 + Level 0.1 Ice Magic
 + Level 3.6 Air Magic
 + Level 0.1 Earth Magic
 + Level 0.1 Poison Magic
 + Level 0.2 Invocations
 + Level 0.1 Evocations


You had 8 spell levels left.
You knew the following spells:

 Your Spells              Type           Power      Damage    Failure   Level
a - Summon Small Mammal   Summ           68%        N/A       2%          1

Your spell library contained the following spells:

 Spells                   Type           Power      Damage    Failure   Level
 Shock                    Conj/Air       32%        1d5       9%          1
 Cigotuvi's Dreadful Rot  Necr/Pois/Air  12%        N/A       17%         2
 Summon Guardian Golem    Hex/Summ       10%        N/A       19%         3
 Mephitic Cloud           Conj/Pois/Air  6%         N/A       32%         3


Dungeon Overview and Level Annotations

Branches:
Dungeon (1/15)

Altars:


Innate Abilities, Weirdness & Mutations

You have very sharp teeth.
Your uncanny sense of smell can sniff out nearby items.
Your experience applies equally to all skills.


Message History

A hobgoblin is nearby!
A goblin comes into view. It is wielding a +0 dagger.
Found 10 gold pieces.
The goblin shouts!
You reach to attack!
You hit the hobgoblin.
The hobgoblin is moderately wounded.
You hit the hobgoblin. Your bite misses the hobgoblin.
The hobgoblin is severely wounded.
The hobgoblin hits you but does no damage.
The hobgoblin closely misses you.
You hit the hobgoblin.
You kill the hobgoblin!
A quokka comes into view.
The goblin closely misses you.
You hit the goblin.
You kill the goblin!
You see here a hobgoblin corpse.
Found a bubbling clear potion.
You hit the quokka but do no damage. The quokka barely misses you.
You closely miss the quokka. The quokka misses you.
The quokka twitches its whiskers.
The quokka misses you.
You hit the quokka but do no damage. The quokka misses you.
You closely miss the quokka. The quokka closely misses you.
You closely miss the quokka. The quokka bites you.
You closely miss the quokka. You bite the quokka, but do no damage.
The quokka bites you. x2
You are too injured to fight recklessly!
You are too injured to fight recklessly!
You barely miss the quokka. You bite the quokka, but do no damage.
The quokka bites you.
* * * LOW HITPOINT WARNING * * *
You closely miss the quokka. You bite the quokka.
The quokka is lightly wounded.
The quokka closely misses you.
You hit the quokka.
The quokka is severely wounded.
The quokka twitches its whiskers.
The quokka bites you.
You die...

#....##### #..
#.########
#..†......
######.####....
#.........# #
#...$.....#
#.........#.##
#.....†)......
#.....@....###
#.....r...##
#.........#
###.......#
#.....$.#
#.......#
#.......#
#.!......


You could see a quokka.

Vanquished Creatures
  A goblin (D:1)
  3 hobgoblins (D:1)
4 creatures vanquished.

Notes
Turn   | Place    | Note
-------+----------+-------------------------------------------
     0 | D:1      | McGhostyFace the Gnoll Wanderer began the quest for the
                  | Orb.
     0 | D:1      | McGhostyFace set off with the following items: a +0 club, a
                  | potion of haste, a +0 robe, a +0 helmet; and the following
                  | spells available to memorise: Summon Small Mammal, Shock,
                  | Cigotuvi's Dreadful Rot, Summon Guardian Golem, Mephitic
                  | Cloud.
     0 | D:1      | Reached XP level 1. HP: 13/13 MP: 6/6
     2 | D:1      | Learned a level 1 spell: Summon Small Mammal
   213 | D:1      | Slain by a quokka

Illustrated notes

Levels and vault maps discovered:
D:1:      wander_arrival_peaceful_grave, layout_rooms

Action                   || total
-------------------------++-------
Melee: Spear             ||    15
       Club              ||     7
       Bite              ||     4
Armor: Robe              ||     1
Dodge: Dodged            ||    14

Table legend: (Time is in decaauts)
 A = Elapsed time spent in this place.
 B = Non-inter-level travel time spent in this place.
 C = Inter-level travel time spent in this place.
 D = Time resting spent in this place.
 E = Time spent auto-exploring this place.
 F = Levels seen in this place.
 G = Mean time per level.
                   A        B        C        D        E       F      G
               +--------+--------+--------+--------+--------+-----+--------+
         Total |    216 |    216 |      0 |    114 |     56 |   1 |  216.0 |
       Dungeon |    216 |    216 |      0 |    114 |     56 |   1 |  216.0 |
               +--------+--------+--------+--------+--------+-----+--------+

Top non-repeatable levels by time:
     D:1: 216 daAuts
